 Seeded DCSS version 0.30.1-4-g462c640d31 (webtiles) character file.

Game seed: 13072137714890895578 (custom seed)

3965 kingsuperguy the Cleaver (level 10, -5/98 HPs)
             Began as a Troll Monk on Sept 1, 2023.
             Was an Initiate of Yredelemnul.
             Slain by a gnoll sergeant
             ... wielding a +0 halberd
              (18 damage)
             ... in a bailey.
             The game lasted 00:11:46 (5385 turns).

kingsuperguy the Cleaver (Troll Monk)               Turns: 5385, Time: 00:11:47

Health: -5/98      AC:  5    Str: 24    XL:     10   Next: 2%
Magic:  9/9        EV: 11    Int: 10    God:    Yredelemnul [......]
Gold:   644        SH:  0    Dex: 11    Spells: 9/9 levels left

rFire   . . .        s - +8 frozen axe "Frostbite" {freeze, freezing cloud, *Noise Fly rC+}
rCold   + . .        (shield currently unavailable)
rNeg    . . .        b - +0 robe
rPois   .            (helmet restricted)
rElec   .            I - +0 cloak
rCorr   .            (gloves unavailable)
SInv    +            (boots unavailable)
Will    .....        F - amulet "Nuaxzeps" {Regen+ SInv}
Stlth   ++           h - ring of flight
HPRegen 1.96/turn    (no ring)
MPRegen 0.11/turn

%: no passive effects
@: flying
A: large, unfitting armour, claws 3, regeneration 1, shaggy fur 1, tough skin 1,
hooves 1, clever 1, noise suppression
a: Renounce Religion, Recall Undead Harvest


You were in a bailey.
You worshipped Yredelemnul.
Yredelemnul was noncommittal.
You visited 1 branch of the dungeon, and saw 9 of its levels.
You also visited: Bailey.

You collected 644 gold pieces.

Inventory:

Hand Weapons
 a - a +0 hand axe
 s - the +8 frozen axe "Frostbite" (weapon) {freeze, freezing cloud, *Noise Fly rC+}
   (You found it on level 3 of the Dungeon)

   rC:        It protects you from cold.
   Fly:       It grants you flight.
   *Noise:    It may make noises in combat.
Missiles
 L - a throwing net (quivered)
Armour
 b - a +0 robe (worn)
 d - an orb of light
 e - a +0 buckler
 H - a +0 helmet
 I - a +0 cloak (worn)
Jewellery
 h - a ring of flight (left claw)
 E - a ring of wizardry
 F - the amulet "Nuaxzeps" (around neck) {Regen+ SInv}
   (You found it on level 7 of the Dungeon)

   [amulet of regeneration]

   SInv:      It lets you see invisible.
   Regen:     It increases your rate of health regeneration.
 G - a ring of magical power
 K - an amulet of guardian spirit
Wands
 t - a wand of iceblast (20)
Scrolls
 i - 2 scrolls of magic mapping {unknown}
 m - 7 scrolls of fog {unknown}
 n - 2 scrolls of teleportation {unknown}
 o - a scroll of enchant weapon {unknown}
 u - a scroll of noise {unknown}
 v - 7 scrolls of identify {unknown}
 x - 2 scrolls of enchant armour {unknown}
 y - a scroll of brand weapon {unknown}
 C - a scroll of blinking {unknown}
 D - a scroll of vulnerability {unknown}
 J - a scroll of fear {unknown}
Potions
 f - 2 potions of brilliance {unknown}
 g - 2 potions of heal wounds {unknown}
 j - 3 potions of curing
 k - 2 potions of flight
 l - a potion of degeneration {unknown}
 p - a potion of might {unknown}
 q - 3 potions of mutation
 r - a potion of invisibility {unknown}
 w - a potion of haste {unknown}
 z - a potion of lignification {unknown}
 A - a potion of cancellation {unknown}
 B - 2 potions of berserk rage {unknown}


   Skills:
 + Level 5.8 Fighting
 + Level 10.2 Axes
 + Level 4.8 Dodging
 + Level 1.3 Stealth
 + Level 0.7 Invocations


You had 9 spell levels left.
You didn't know any spells.
Your spell library contained the following spells:

 Spells                   Type           Power      Damage    Failure   Level
 Freeze                   Ice            0%         1d3       36%         1
 Sting                    Tmut/Pois      0%         1d3       36%         1
 Poisonous Vapours        Pois/Air       0%         N/A       50%         2
 Static Discharge         Conj/Air       0%         2-2/arc   50%         2
 Frozen Ramparts          Ice            0%         1d1       75%         3
 Hailstorm                Conj/Ice       0%         3d3       75%         3
 Mephitic Cloud           Conj/Pois/Air  0%         N/A       75%         3
 Airstrike                Air            0%         2d(0-16)  98%         4
 Olgreb's Toxic Radiance  Pois           0%         N/A       98%         4
 Summon Lightning Spire   Summ/Air       0%         N/A       98%         4
 Freezing Cloud           Conj/Ice/Air   0%         6-21      100%        5
 Haunt                    Necr/Summ      0%         N/A       100%        7
 Infestation              Necr           0%         N/A       100%        8
 Animate Dead             Necr           Unusable   N/A       N/A         4

Dungeon Overview and Level Annotations

Branches:
Dungeon (9/15)             Temple (0/1) D:6          Bailey (1/1)
   Lair: D:8-11         Orc: D:9-12

Altars:
Ashenzari
Cheibriados
Dithmenos
Gozag
Hepliaklqana
Ru
Trog
Uskayaw
Wu Jian
Yredelemnul

Shops:
D:3 =*


Innate Abilities, Weirdness & Mutations

You are too large for most types of armour.
You have claws for hands.
Your natural rate of healing is unusually fast.
You are covered in fur. (AC +1)
You have tough skin. (AC +1)
You have large cloven feet.
Your mind is acute. (Int +4, Str/Dex -1)
You passively dampen the noise of your surroundings.


Message History

Your gnoll sergeant zombie is destroyed!
A gnoll sergeant comes into view. It is wielding a +0 halberd.
The gnoll sergeant shouts!
The gnoll sergeant barely misses you.
You barely miss the gnoll sergeant.
The gnoll sergeant hits you with a +0 halberd!
The gnoll sergeant hits you but does no damage.
You hit the gnoll sergeant but do no damage.
The gnoll sergeant hits you from afar with a +0 halberd!
The gnoll sergeant closely misses you.
The gnoll sergeant hits you with a +0 halberd!
The gnoll sergeant hits you with a +0 halberd.
You barely miss the gnoll sergeant. You completely miss the gnoll sergeant.
The gnoll sergeant hits you with a +0 halberd! x2
You barely miss the gnoll sergeant. x2
The gnoll sergeant hits you with a +0 halberd! x2
* * * LOW HITPOINT WARNING * * *
The gnoll sergeant hits you with a +0 halberd!
* * * LOW HITPOINT WARNING * * *
Okay, then.
You are confused.
You feel invigorated. The gnoll sergeant misses you.
The gnoll sergeant hits you with a +0 halberd!
* * * LOW HITPOINT WARNING * * *
It was a potion of flight.
You feel more buoyant.
The gnoll sergeant completely misses you.
The gnoll sergeant hits you but does no damage.
It was a potion of curing.
You feel better.
You feel less invigorated. The gnoll sergeant closely misses you.
The gnoll sergeant hits you with a +0 halberd!
* * * LOW HITPOINT WARNING * * *
It was a potion of mutation.
You feel extremely strange.
You feel your surroundings grow quieter.
Your feet thicken and deform.
You feel clever.
The gnoll sergeant hits you with a +0 halberd!
* * * LOW HITPOINT WARNING * * *
The gnoll sergeant hits you with a +0 halberd!!
You die...
Your body rises from the dead as a mindless zombie.

♣≈# #.......# ♣≈#
#.gZ..# ♣≈# #.g)#
♣≈# ##'## ♣≈#
#...# ♣≈## #...#
♣≈)# #...#
♣≈.######'''######
♣≈..@g............
♣≈≈g..............
♣♣≈≈≈≈≈≈≈...≈≈≈≈≈≈
♣♣)).............
♣♣♣...........♣♣
♣♣♣♣.......♣♣
♣♣.∩.♣♣♣♣ ♣♣.♣♣
♣.♣


You could see 2 gnoll sergeants.

Vanquished Creatures
  A hornet (D:8)
  3 yaks (D:6)
  A wyvern (D:7)
  A steam dragon (D:8)
  3 water moccasins
  2 ice beasts
  An orc warrior (D:8)
  2 ogres (D:6)
  2 wolves (Bailey)
  3 centaurs
  A phantom (D:5)
  3 bullfrogs
  2 gnoll sergeants (Bailey)
  2 scorpions
  3 wights (D:8)
  2 killer bees (D:8)
  A lava snake (D:7)
  2 orc priests
  5 hounds
  A jelly (D:7)
  A gnoll bouda (D:8)
  4 iguanas
  A sleepcap (D:6)
  4 orc wizards
  9 gnolls
  9 adders
  A shadow imp (D:8)
  2 white imps (D:6)
  An ufetubus (D:6)
  A worm (D:4)
  3 dart slugs
  29 orcs
  9 endoplasms
  6 giant cockroaches
  9 goblins
  6 hobgoblins
  7 jackals
  4 quokkas
  7 ball pythons
  5 bats
  4 frilled lizards
  11 kobolds
  An orc zombie (D:4)
  5 rats
180 creatures vanquished.

Vanquished Creatures (collateral kills)
  A yak (D:6)
  A killer bee (D:8)
  A lava snake (D:7)
  A sleepcap (D:7)
  2 orcs (D:6)
  A goblin (D:9)
  A quokka (D:5)
8 creatures vanquished.

Vanquished Creatures (others)
  A yak zombie (D:6)
  A wolf zombie (Bailey)
  A bullfrog zombie (D:6)
  2 killer bee zombies (D:8)
  A hound zombie (Bailey)
  A steam dragon zombie (D:8)
  A spectral shadow imp (D:8)
  A spectral white imp (D:6)
  8 gnoll zombies
  3 orc zombies
  A quokka zombie (D:5)
  A spectral ufetubus (D:6)
22 creatures vanquished.

Grand Total: 210 creatures vanquished

Notes
Turn   | Place    | Note
-------+----------+-------------------------------------------
     0 | D:1      | kingsuperguy the Troll Monk began the quest for the Orb.
     0 | D:1      | Reached XP level 1. HP: 22/22 MP: 0/0
   129 | D:1      | Reached XP level 2. HP: 29/29 MP: 1/1
   386 | D:1      | Found a faded altar of an unknown god.
   461 | D:2      | Reached XP level 3. HP: 36/36 MP: 2/2
   551 | D:2      | Reached skill level 3 in Axes
  1140 | D:3      | Reached XP level 4. HP: 44/44 MP: 3/3
  1145 | D:3      | Found the +8 frozen axe "Frostbite" {freeze, freezing
                  | cloud, *Noise Fly rC+}
  1251 | D:3      | Found Heh Veopt's Jewellery Shop.
  1377 | D:3      | Found Gozag's Platinum Reserve.
  1378 | D:3      | Found an opulent altar of Gozag.
  1584 | D:4      | Reached skill level 4 in Axes
  1584 | D:4      | Reached XP level 5. HP: 42/53 MP: 4/4
  1786 | D:4      | Found a basalt altar of Yredelemnul.
  1798 | D:4      | Became a worshipper of Yredelemnul the Dark
  1798 | D:4      | Reached * piety under Yredelemnul
  1798 | D:4      | Reached ** piety under Yredelemnul
  2013 | D:4      | Reached XP level 6. HP: 38/61 MP: 5/5
  2055 | D:5      | Entered Level 5 of the Dungeon
  2063 | D:5      | Reached skill level 5 in Axes
  2510 | D:5      | Reached XP level 7. HP: 67/67 MP: 6/6
  2619 | D:5      | Identified the +7 trident of Insomnia {vamp, rCorr}
  2706 | D:6      | Reached skill level 6 in Axes
  2852 | D:6      | Found a staircase to the Ecumenical Temple.
  2966 | D:6      | Noticed a yak
  2967 | D:6      | Found a hide-covered altar of Uskayaw.
  2967 | D:6      | Noticed a yak
  2967 | D:6      | Noticed a yak
  2968 | D:6      | Noticed a yak
  2972 | D:6      | Killed a yak
  2973 | D:6      | Reached skill level 7 in Axes
  2973 | D:6      | Reached XP level 8. HP: 61/78 MP: 7/7
  3137 | D:6      | Reached skill level 8 in Axes
  3395 | D:7      | Reached skill level 1 in Stealth
  3555 | D:7      | Reached XP level 9. HP: 87/87 MP: 8/8
  3707 | D:7      | Found a snail-covered altar of Cheibriados.
  3708 | D:7      | Found a broken altar of Ashenzari.
  3716 | D:7      | Found a sacrificial altar of Ru.
  3854 | D:7      | Identified the amulet "Nuaxzeps" {Regen+ SInv}
  4032 | D:7      | Reached *** piety under Yredelemnul
  4120 | D:8      | Found a shadowy altar of Dithmenos.
  4147 | D:8      | Paralysed by a hornet for 1 turns
  4149 | D:8      | Reached skill level 5 in Fighting
  4149 | D:8      | Reached skill level 9 in Axes
  4192 | D:8      | Found a bloodstained altar of Trog.
  4749 | D:8      | Found an ornate altar of the Wu Jian Council.
  4752 | D:8      | Found a hazy altar of Hepliaklqana.
  4899 | D:8      | Noticed a white ugly thing
  5035 | D:8      | Noticed a wolf spider
  5049 | D:8      | a wolf spider changed into an eye of devastation
  5049 | D:8      | Noticed an eye of devastation (shapeshifter)
  5055 | D:9      | Reached skill level 10 in Axes
  5073 | D:9      | Found a flagged portal.
  5084 | Bailey   | Entered a bailey
  5337 | Bailey   | Reached XP level 10. HP: 65/98 MP: 9/9
  5385 | Bailey   | Gained mutation: You passively dampen the noise of your
                  | surroundings. [potion of mutation]
  5385 | Bailey   | Gained mutation: You have large cloven feet. [potion of
                  | mutation]
  5385 | Bailey   | Gained mutation: Your mind is acute. (Int +4, Str/Dex -1)
                  | [potion of mutation]
  5385 | Bailey   | Slain by a gnoll sergeant

Illustrated notes

Levels and vault maps discovered:
D:1:      saegor_arrival_simple_e, layout_rooms,
          dilly_ecumenical_altar_fadedgnrine
D:2:      layout_basic, serial_park_tiny_1, chequers_big_river, minmay_tall_x
D:3:      layout_basic, nicolae_gozag_zags_fifth_avenue, serial_shops, shop
D:4:      cheibrodos_old_hovel, layout_loops_ring, mainiacjoe_overflow_brackets
D:5:      layout_loops_ring
D:6:      layout_loops_ring, nicolae_uskayaw_murder_on_the_dancefloor,
          minmay_temple_entry_nine_rooms, nrook_campfire
D:7:      layout_gridville, nicolae_overflow_two_pavilions,
          amcnicky_altar_gilded
D:8:      cheibrodos_fzero, layout_loops_corners,
          mainiacjoe_overflow_concentric_impassable,
          nicolae_overflow_hallway_of_the_gods, nicolae_dithmenos_the_darkroom
D:9:      layout_loops_ring, enter_bailey_3
Bailey:   bailey_polearm_gnolls_kennysheep, bailey

Skill      XL: |  1  2  3  4  5  6  7  8  9 |
---------------+----------------------------+-----
Axes           | 3 4 5 7 8 10 | 10.2
Fighting       | 3 4 5 |  5.8
Dodging        | 3 4 |  4.8
Stealth        | 1 |  1.3
Invocations    | |  0.7

Action                     |  1- 3 |  4- 6 |  7- 9 | 10-12 || total
---------------------------+-------+-------+-------+-------++-------
  Melee: Hand axe          |   121 |    12 |       |       ||   133
         Executioner's axe |       |    97 |   140 |     5 ||   242
 Invoke: Recall Undead Har |       |     1 |     1 |       ||     2
         Dark Bargain      |       |       |     1 |       ||     1
  Evoke: Wand              |       |       |     1 |       ||     1
    Use: Potion            |       |       |     1 |     4 ||     5
   Stab: Sleeping          |       |     1 |     2 |       ||     3
 Armour: Robe              |    53 |    35 |    49 |     2 ||   139
  Dodge: Dodged            |    61 |    51 |   123 |     6 ||   241
